 Dungeon Crawl Stone Soup version 0.20.1-1-g8b1a95d (webtiles) character file.

1359 slep the Carver (level 8, -4/70 HPs)
             Began as a Minotaur Gladiator on Nov 1, 2017.
             Was an Initiate of Okawaru.
             Slain by a hippogriff (10 damage)
             ... on level 6 of the Dungeon.
             The game lasted 00:25:31 (4650 turns).

slep the Carver (Minotaur Gladiator)                Turns: 4650, Time: 00:25:32

Health: -4/70      AC:  5    Str: 23    XL:     8   Next: 37%
Magic:  7/7        EV: 15    Int:  5    God:    Okawaru [......]
Gold:   372        SH:  0    Dex: 15    Spells: 7/7 levels left

rFire    . . .     SeeInvis .   a - +0 long sword
rCold    . . .     Gourm    .   (no shield)
rNeg     . . .     Faith    .   z - +2 leather armour "Fumino" {Str+5}
rPois    .         Spirit   .   c - +0 hat
rElec    .         Reflect  .   (no cloak)
rCorr    .         Harm     .   (no gloves)
MR       .....                  (no boots)
Stlth    ++........             t - amulet of magic regeneration
Regen    0.3/turn               (no ring)
MPRegen  0.2/turn               (no ring)

@: no status effects
A: retaliatory headbutt, horns 2
a: Renounce Religion


You were on level 6 of the Dungeon.
You worshipped Okawaru.
Okawaru was noncommittal.
You were not hungry.

You visited 1 branch of the dungeon, and saw 6 of its levels.
You also visited: Sewer.

You collected 372 gold pieces.

Inventory:

Hand Weapons
 a - a +0 long sword (weapon)
 p - a +1 vampiric whip
 u - a +2 flail of protection
 w - a cursed -2 dagger
Missiles
 d - 4 throwing nets (quivered)
 e - 67 sling bullets
 I - 8 tomahawks
 K - 5 bolts
Armour
 b - a +0 leather armour
 c - a +0 hat (worn)
 z - the +2 leather armour "Fumino" (worn) {Str+5}
   (You found it on level 4 of the Dungeon)

   It affects your strength (+5).
Jewellery
 t - an amulet of magic regeneration (around neck)
Wands
 n - a wand of polymorph (6/24)
 s - a wand of random effects (23/48)
 A - a wand of iceblast (11/15)
 C - a wand of enslavement (9/24)
Scrolls
 g - 2 scrolls of blinking {unknown}
 i - 3 scrolls of amnesia {unknown}
 j - 8 scrolls of identify {unknown}
 o - a scroll of remove curse {unknown}
 q - 2 scrolls of magic mapping {unknown}
 y - 2 scrolls of fear {unknown}
 B - a scroll of recharging {unknown}
 G - 5 scrolls of teleportation
 H - a scroll of enchant armour {unknown}
Potions
 h - a potion of mutation {unknown}
 k - a potion of resistance
 m - a potion of brilliance {unknown}
 x - a potion of haste
 D - a potion of curing {unknown}
 E - a potion of invisibility {unknown}
 F - a potion of flight
Comestibles
 f - 6 bread rations
 l - 4 meat rations
 r - 7 fruits
 v - 2 royal jellies
 J - 3 chunks of flesh


   Skills:
 + Level 5.8 Fighting
 + Level 9.0 Long Blades
 + Level 2.2 Throwing
 + Level 3.9 Armour
 + Level 6.0 Dodging
 + Level 1.6 Stealth


You had 7 spell levels left.
You didn't know any spells.

Dungeon Overview and Level Annotations

Branches:
Dungeon (6/15)
 Temple: D:4-7

Altars:
Okawaru

Shops:
D:6 :


Innate Abilities, Weirdness & Mutations

You reflexively headbutt those who attack you in melee.
You have a pair of horns on your head.


Message History

You hit the hippogriff. Your headbutt misses the hippogriff.
The hippogriff is lightly wounded.
The hippogriff bites you!
* * * LOW HITPOINT WARNING * * *
The hippogriff barely misses you. x2
You barely miss the hippogriff.
The hippogriff is lightly wounded.
The hippogriff bites you!
* * * LOW HITPOINT WARNING * * *
The hippogriff closely misses you. x2
You barely miss the hippogriff. You headbutt the hippogriff.
The hippogriff is lightly wounded.
The hippogriff bites you!
* * * LOW HITPOINT WARNING * * *
The hippogriff barely misses you. The hippogriff closely misses you.
You closely miss the hippogriff.
You headbutt the hippogriff, but do no damage.
The hippogriff is lightly wounded.
The hippogriff bites you!
You die...

........... #.#
###∩....## #####.####
#..........###........#
.>....####............#
###8.## #........# #
#..# #........# # ####
####........# ###
#...........# ..##
..##..@.....# ...## #
#.H......# ....##..
#........# .......#
...#####.## ....####
.... #.# ....# ......
#.# ....### ..... #.#
..[...# ##....#####.#
....###
........########


You could see a hippogriff.

Vanquished Creatures
  The ghost of slep the Slasher, an amateur MiGl (D:4)
  A water moccasin (D:5)
  An orc warrior (D:4)
  A phantom (D:6)
  A sky beast (D:6)
  An ogre (D:4)
  2 crimson imps (D:6)
  A jelly (D:5)
  3 orc wizards
  A hound (D:3)
  Jessica (D:3)
  3 worker ants (D:4)
  Ijyb (D:2)
  2 merfolk sirens (Sewer)
  A merfolk avatar (Sewer)
  A hound skeleton (D:5)
  Robin (D:3)
  7 gnolls
  9 adders
  A shadow imp (D:6)
  4 worms
  An adder skeleton (D:4)
  A dart slug (D:1)
  9 leopard geckos
  5 orcs
  5 giant cockroaches
  22 goblins
  6 hobgoblins
  3 jackals (D:5)
  3 quokkas
  6 ball pythons
  9 bats
  12 frilled lizards
  5 kobolds
  3 leopard gecko skeletons
  A leopard gecko zombie (D:5)
  31 rats
  A bush (D:4)
  A plant (D:4)
168 creatures vanquished.

Notes
Turn   | Place    | Note
-------+----------+-------------------------------------------
     0 | D:1      | slep the Minotaur Gladiator began the quest for the Orb.
     0 | D:1      | Reached XP level 1. HP: 18/18 MP: 0/0
   123 | D:1      | Reached XP level 2. HP: 18/25 MP: 1/1
   265 | D:1      | Reached skill level 4 in Long Blades
   574 | D:2      | Reached XP level 3. HP: 26/30 MP: 2/2
   607 | D:2      | Noticed Ijyb
   619 | D:2      | Killed Ijyb
   619 | D:2      | Reached skill level 1 in Armour
   619 | D:2      | Reached XP level 4. HP: 37/37 MP: 3/3
  1088 | D:3      | Noticed Robin
  1104 | D:3      | Killed Robin
  1107 | D:3      | Reached XP level 5. HP: 35/45 MP: 4/4
  1145 | D:3      | Noticed Jessica
  1156 | D:3      | Killed Jessica
  1156 | D:3      | Reached skill level 5 in Long Blades
  2008 | D:4      | Noticed an ogre
  2014 | D:4      | Killed an ogre
  2014 | D:4      | Reached XP level 6. HP: 16/52 MP: 5/5
  2039 | D:4      | Reached skill level 6 in Long Blades
  2350 | D:4      | Noticed slep's ghost (amateur MiGl)
  2365 | D:4      | Killed slep's ghost
  2365 | D:4      | Reached skill level 5 in Dodging
  2365 | D:4      | Reached XP level 7. HP: 22/60 MP: 6/6
  2528 | D:4      | Reached skill level 1 in Stealth
  2538 | D:4      | Reached skill level 7 in Long Blades
  2858 | D:4      | Got a warped leather armour
  2869 | D:4      | Identified the +2 leather armour "Fumino" {Str+5} (You found it on level 4 of the Dungeon)
  3248 | D:5      | Entered Level 5 of the Dungeon
  3269 | D:5      | Reached skill level 5 in Fighting
  3334 | D:5      | Found an iron altar of Okawaru.
  3460 | D:5      | Became a worshipper of Warmaster Okawaru
  3514 | D:5      | Reached skill level 8 in Long Blades
  3802 | D:5      | Found a glowing drain.
  3807 | Sewer    | Entered a sewer
  4059 | Sewer    | Reached XP level 8. HP: 40/68 MP: 7/7
  4432 | D:6      | Found Jonness's Book Boutique.
  4601 | D:6      | Reached skill level 9 in Long Blades
  4643 | D:6      | Noticed a hippogriff
  4650 | D:6      | Slain by a hippogriff

Skill      XL: |  1  2  3  4  5  6  7  8 |
---------------+-------------------------+-----
Long Blades    | 4 5 6 8 9 |  9.0
Dodging        | 4 5 6 |  6.0
Armour         | 1 2 3 |  3.9
Fighting       | 3 4 5 |  5.8
Stealth        | 1 |  1.6
Throwing       | |  2.2

Action                   |  1- 3 |  4- 6 |  7- 9 || total
-------------------------+-------+-------+-------++-------
Melee: Long sword        |    42 |   114 |   206 ||   362
       Headbutt          |     8 |    32 |    63 ||   103
  Use: Potion            |       |     2 |     3 ||     5
 Stab: Sleeping          |       |       |     2 ||     2
  Eat: Chunk             |       |     5 |     8 ||    13
Armor: Leather armour    |     7 |    19 |    45 ||    71
       Skin              |     1 |       |       ||     1
Dodge: Dodged            |    31 |    89 |   137 ||   257
       Rpst.: Long sword |    13 |    27 |    37 ||    77
